 Dungeon Crawl Stone Soup version 0.17-a0-2073-gde5cdba (webtiles) character file.

312 ololoev the Chopper (level 6, -4/56 HPs)
             Began as a Hill Orc Fighter on Oct 15, 2015.
             Was a Follower of Trog.
             Killed by nerve-wracking pain
             ... invoked by Grinder
              (13 damage)
             ... on level 5 of the Dungeon.
             The game lasted 00:04:40 (600 turns).

ololoev the Chopper (Hill Orc Fighter)               Turns: 600, Time: 00:04:40

Health: -4/56      AC:  7    Str: 21    XL:     6   Next: 42%
Magic:  6/6        EV: 12    Int:  8    God:    Trog [*.....]
Gold:   61         SH:  9    Dex: 15    Spells: 0 memorised, 5 levels left

rFire  . . .     SeeInvis .     a - +0 war axe
rCold  . . .     Clarity  .     b - +0 scale mail
rNeg   + . .     SustAt   .     c - +0 shield
rPois  .         Gourm    .     (no helmet)
rElec  .         Spirit   .     (no cloak)
rCorr  .         Warding  .     (no gloves)
rMut   .         Stasis   .     (no boots)
MR     .....                    (no amulet)
Stlth  +.........               o - ring of positive energy
                                k - ring of wizardry

@: agile, exhausted, not resistant to hostile enchantments, very unstealthy
A: no striking features
a: Burn Spellbooks, Berserk, Renounce Religion

Inventory:

Hand Weapons
 a - a +0 war axe (weapon)
Armour
 b - a +0 scale mail (worn)
 c - a +0 shield (worn)
Jewellery
 k - a ring of wizardry (left hand)
 o - a ring of positive energy (right hand)
Scrolls
 f - 2 scrolls of fog {unknown}
 h - 2 scrolls of fear {unknown}
 i - a scroll of blinking {unknown}
 l - a scroll of identify {unknown}
 n - a scroll of amnesia {unknown}
Potions
 d - a potion of might
 j - a potion of agility
Comestibles
 e - 2 bread rations


   Skills:
 + Level 5.0 Fighting
 * Level 6.7 Axes
 + Level 4.6 Armour
 - Level 3.2 Shields


You had 5 spell levels left.
You didn't know any spells.


You were on level 5 of the Dungeon.
You worshipped Trog.
Trog was aware of your devotion.
You were not hungry.

You visited 1 branch of the dungeon, and saw 6 of its levels.

You collected 61 gold pieces.

....><..#.# #.##
##......#.### ..#
...###......###.# #.#
#...........##### #.
#...........#...## #
#.....>..........##
#.................#
#.................#
.............@ยง..5.#
######....####.....##
###### ##$....#
#..#... #..##. #..#
#[.. #..

Notes
Turn   | Place    | Note
--------------------------------------------------------------
     0 | D:1      | ololoev the Hill Orc Fighter began the quest for the Orb.
     0 | D:1      | Reached XP level 1. HP: 19/19 MP: 1/1
    48 | D:2      | Found a faded altar to an unknown god.
    58 | D:2      | Became a worshipper of Trog the Wrathful
    58 | D:2      | Reached * piety under Trog
    91 | D:2      | Reached XP level 2. HP: 4/27 MP: 2/2
   279 | D:3      | Reached skill level 4 in Axes
   345 | D:4      | Reached XP level 3. HP: 30/33 MP: 3/3
   441 | D:5      | Entered Level 5 of the Dungeon
   441 | D:5      | Noticed a centaur
   448 | D:5      | Killed a centaur
   448 | D:5      | Reached skill level 5 in Axes
   448 | D:5      | Reached XP level 4. HP: 8/41 MP: 4/4
   448 | D:5      | Reached XP level 5. HP: 9/47 MP: 5/5
   553 | D:4      | Noticed radek's ghost (amateur DECj)
   562 | D:4      | Killed radek's ghost
   562 | D:4      | Reached skill level 5 in Fighting
   562 | D:4      | Reached skill level 6 in Axes
   562 | D:4      | Reached XP level 6. HP: 24/56 MP: 6/6
   594 | D:5      | Noticed Grinder
   600 | D:5      | Killed from afar by Grinder

Dungeon Overview and Level Annotations

Branches:
Dungeon (6/15)
 Temple: D:4-7

Altars:
Trog

Annotations:
D:5 Grinder


Message History

There is a stone staircase leading down here.
You climb downwards.
There is a stone staircase leading up here.
You climb upwards.
There is a stone staircase leading down here.
There is a stone staircase leading up here.
Found 10 gold pieces.
There is a stone staircase leading down here.
You climb downwards.
There is a stone staircase leading up here.
You climb upwards.
There is a stone staircase leading down here.
Grinder comes into view.
Grinder shouts!
Grinder says, "You look like you could use a good racking."
Grinder gestures.
Grinder blinks!
Grinder gestures at you. Pain shoots through your body!
Found a robe.
You feel yourself speed up. Grinder gestures at you.
Pain shoots through your body!
Drink which item? (? for menu, Esc to quit)
It was a potion of agility.
You feel agile all of a sudden.
Drink which item? (? for menu, Esc to quit)
Okay, then.
Read which item? (? for menu, Esc to quit)
Okay, then.
Fire/throw which item? (* to show all) (? for menu, Esc to quit)
Press: ? - help, Shift-Dir - straight line, f - Grinder
Aim: Grinder You toss away a book of Annihilations.
The book of Annihilations hits Grinder but does no damage.
Grinder gestures.
Grinder blinks!
Grinder gestures at you. Pain shoots through your body!
You die...

You could see Grinder.

Vanquished Creatures
  The ghost of radek the Conjurer, an amateur DECj (D:4)
  A centaur (D:5)
  A hound (D:4)
  A worker ant (D:5)
  A worm (D:2)
  2 giant geckos (D:2)
  3 orcs
  2 giant cockroaches (D:3)
  A hobgoblin (D:3)
  3 kobolds
  A quokka (D:2)
  2 goblins
19 creatures vanquished.

Action                   |  1- 3 |  4- 6 || total
-------------------------+-------+-------++-------
Melee: War axe           |    60 |     8 ||    68
Invok: Berserk           |     2 |     1 ||     3
  Use: Potion            |       |     1 ||     1
  Eat: Royal jelly       |       |     1 ||     1

Vault maps used:
D:1:      tarquinn_simple_flora_water_e
D:2:      ecumenical_altar_1, kennysheep_cluttered_room,
          kennysheep_generic_room_6
D:3:      nemelex_deck, first_bread, uniq_natasha
D:4:      gup_sewer_entry_spiral, uniq_sigmund
D:5:      serial_shops, shop, nicolae_for_you_no_charge, uniq_grinder
D:6:      fedhas_altar_3
